 Dungeon Crawl Stone Soup version 0.31-a0-803-g95b03c3367 (webtiles) character file.

Game seed: 2815925089825275373

1223 Dirtsage the Grappler (level 8, -1/60 HPs)
             Began as a Demonspawn Fighter on Sept 20, 2023.
             Slain by a gnoll
             ... wielding a +0 spear
             ... led by a gnoll sergeant
              (4 damage)
             ... on level 5 of the Dungeon.
             The game lasted 00:06:00 (4082 turns).

Dirtsage the Grappler (Demonspawn Fighter)          Turns: 4082, Time: 00:06:00

Health: -1/60      AC:  4    Str: 19    XL:     8   Next: 23%
Magic:  8/8        EV:  9    Int:  9    God:
Gold:   261        SH:  4    Dex: 13    Spells: 7/7 levels left

rFire   . .          .
                       - Unarmed
rCold   . . .        c - +0 buckler
rNeg    . . .        b - +0 scale mail
rPois   .            (no helmet)
rElec   .            (no cloak)
rCorr   .            g - +0 pair of gloves
SInv    .            (boots unavailable)
Will    .....        l - amulet of the acrobat Stlth
                     (no ring)
HPRegen 0.30/turn    (no ring)
MPRegen 0.11/turn

%: acrobat
@: corroded, attractive
A: hooves 3, demonic magic 1, weakness stinger 2
a: no special abilities


You were on level 5 of the Dungeon.
You visited 1 branch of the dungeon, and saw 5 of its levels.

You collected 261 gold pieces.

Inventory:

Armour
 b - a +0 scale mail (worn)
 c - a +0 buckler (worn)
 g - a +0 pair of gloves (worn)
Jewellery
 l - an amulet of the acrobat (around neck)
Scrolls
 a - a scroll of noise {unknown}
 f - 4 scrolls of poison {unknown}
 h - 2 scrolls of teleportation {unknown}
 j - a scroll of fear {unknown}
 k - 5 scrolls of identify {unknown}
 m - a scroll of amnesia {unknown}
 n - a scroll of immolation {unknown}
 p - 2 scrolls of blinking {unknown}
Potions
 d - a potion of might
 e - a potion of brilliance {unknown}
 i - a potion of degeneration {unknown}
 o - 3 potions of attraction
 q - 2 potions of curing
 r - a potion of enlightenment {unknown}
 s - a potion of heal wounds {unknown}


   Skills:
 + Level 3.8 Fighting
 - Level 2.5 Axes
 + Level 3.4 Armour
 - Level 2.6 Shields
 * Level 8.2 Unarmed Combat


You had 7 spell levels left.
You didn't know any spells.
Your spell library contained the following spells:

 Spells                   Type           Power      Damage    Failure   Level
 Necrotise                Necr           0%         1d4       83%         1
 Blink                    Tloc           0%         N/A       92%         2
 Lesser Beckoning         Tloc           0%         N/A       92%         2
 Momentum Strike          Conj/Tloc      0%         3d8       92%         2
 Gell's Gravitas          Tloc           0%         N/A       99%         3
 Ozocubu's Armour         Ice            0%         N/A       99%         3
 Teleport Other           Tloc           0%         N/A       99%         3
 Vampiric Draining        Necr           0%         2d6       99%         3
 Agony                    Necr           0%         N/A       100%        5
 Ozocubu's Refrigeration  Ice            0%         4d7       100%        7


Dungeon Overview and Level Annotations

Branches:
Dungeon (5/15)
 Temple: D:4-7

Altars:
Cheibriados
Fedhas
Wu Jian

Shops:
D:4 *


Innate Abilities, Weirdness & Mutations

You have hooves in place of feet.
Spells you cast may paralyse adjacent enemies.
You have a tail ending in a sharp stinger.


Message History

The gnoll is moderately wounded.
You block the gnoll's attack.
You hit the gnoll. You tail-slap the gnoll.
The gnoll is severely wounded.
You block the gnoll's attack.
You hit the gnoll but do no damage. You kick the gnoll.
You kill the gnoll!
The jelly is attracted toward you. The gnoll is attracted toward you.
You hit the jelly. The acid corrodes you!
Your hands burn!
* * * LOW HITPOINT WARNING * * *
You kick the jelly, but do no damage. You tail-slap the jelly!
The jelly is heavily wounded.
The jelly barely misses you.
The gnoll hits you from afar with a +0 spear.
* * * LOW HITPOINT WARNING * * *
You take 3 damage, and have 13/60 hp.
You punch the jelly!
You kill the jelly!
The gnoll hits you but does no damage. The gnoll is attracted toward you. x2
You barely miss the gnoll. You tail-slap the gnoll.
The gnoll is lightly wounded.
The gnoll is attracted toward you.
You hit the gnoll but do no damage. You block the gnoll's attack.
The gnoll hits you with a +0 spear.
* * * LOW HITPOINT WARNING * * *
You take 4 damage, and have 9/60 hp.
You hit the gnoll. Your kick misses the gnoll.
The gnoll is lightly wounded.
The gnoll hits you with a +0 whip.
* * * LOW HITPOINT WARNING * * *
You take 4 damage, and have 5/60 hp.
You punch the gnoll!
Your tail-slap misses the gnoll.
The gnoll is severely wounded.
The gnoll hits you with a +0 spear.
* * * LOW HITPOINT WARNING * * *
You take 3 damage, and have 2/60 hp.
You feel better. The gnoll hits you with a +0 whip!
* * * LOW HITPOINT WARNING * * *
The gnoll hits you with a +0 spear.
You die...

...........# .+ .
...........# #### J# ##..
.###.###..## ##..###.#.....
.#######..## #..........$..
...........# #............g
...........# #.....gg......
###.###...######)####..###..
###'###'####..##g## ..#
.....#...†.....g@.+ ..#
.....#............# ..#
########..###'##### ..# #
#+###.....# ..# #.........
+......... #.....##..
#.....# # .......


You could see 2 gnolls.

Vanquished Creatures
  Grinder (D:4)
  Sigmund (D:5)
  Edmund (D:4)
  An ogre (D:4)
  A phantom (D:4)
  A gnoll sergeant (D:5)
  A scorpion (D:5)
  A jelly (D:5)
  A hound (D:5)
  2 orc priests
  Jessica (D:2)
  Natasha (thrice) (D:2)
  An iguana (D:5)
  6 gnolls
  5 adders
  A worm (D:4)
  10 dart slugs
  14 orcs
  10 endoplasms
  3 giant cockroaches
  6 goblins
  4 hobgoblins
  5 jackals
  7 kobolds
  4 quokkas
  3 ball pythons
  4 bats
  3 frilled lizards
  8 rats
109 creatures vanquished.

Notes
Turn   | Place    | Note
-------+----------+-------------------------------------------
     0 | D:1      | Dirtsage the Demonspawn Fighter began the quest for the
                  | Orb.
     0 | D:1      | Reached XP level 1. HP: 18/18 MP: 1/1
   197 | D:1      | Discovered your monstrous ancestry.
   197 | D:1      | Gained mutation: You have a small tail. [demonic ancestry]
   197 | D:1      | Reached XP level 2. HP: 24/24 MP: 2/2
   225 | D:1      | Reached skill level 1 in Unarmed Combat
   582 | D:2      | Gained mutation: Spells you cast may paralyse adjacent
                  | enemies. [demonic ancestry]
   582 | D:2      | Reached XP level 3. HP: 29/29 MP: 3/3
   585 | D:2      | Reached skill level 2 in Unarmed Combat
   693 | D:2      | Gained mutation: You have large cloven feet. [demonic
                  | ancestry]
   693 | D:2      | Reached XP level 4. HP: 29/35 MP: 4/4
   717 | D:2      | Noticed Jessica
   728 | D:2      | Killed Jessica
   729 | D:2      | Reached skill level 3 in Unarmed Combat
   956 | D:2      | Found a faded altar of an unknown god.
   988 | D:2      | Gained mutation: You have hoof-like feet. [demonic
                  | ancestry]
   988 | D:2      | Reached XP level 5. HP: 41/41 MP: 5/5
  1011 | D:2      | Reached skill level 4 in Unarmed Combat
  1196 | D:2      | Noticed Natasha
  1207 | D:2      | Killed Natasha
  1336 | D:2      | Noticed Natasha
  1350 | D:2      | Killed Natasha
  1447 | D:2      | Noticed Natasha
  1452 | D:2      | Killed Natasha
  1546 | D:2      | Reached skill level 5 in Unarmed Combat
  1645 | D:3      | Gained mutation: You have hooves in place of feet. [demonic
                  | ancestry]
  1645 | D:3      | Reached XP level 6. HP: 31/47 MP: 6/6
  2575 | D:3      | Found an ornate altar of the Wu Jian Council.
  2575 | D:3      | Found a blossoming altar of Fedhas.
  2818 | D:4      | Found Puzavedd's Overcharged Wands.
  2832 | D:4      | Noticed Edmund
  2847 | D:4      | Killed Edmund
  2848 | D:4      | Reached skill level 6 in Unarmed Combat
  2987 | D:4      | Found a snail-covered altar of Cheibriados.
  3061 | D:4      | Gained mutation: You have a tail ending in a sharp stinger.
                  | [demonic ancestry]
  3061 | D:4      | Reached XP level 7. HP: 49/52 MP: 7/7
  3356 | D:4      | Noticed Grinder
  3361 | D:4      | Paralysed by Grinder for 3 turns
  3380 | D:4      | Killed Grinder
  3381 | D:4      | Reached skill level 7 in Unarmed Combat
  3812 | D:5      | Entered Level 5 of the Dungeon
  3824 | D:5      | Noticed Sigmund
  3834 | D:5      | Killed Sigmund
  3835 | D:5      | Reached XP level 8. HP: 45/58 MP: 8/8
  3840 | D:5      | Reached skill level 8 in Unarmed Combat
  4081 | D:5      | HP: 2/60 [gnoll/+0 spear[a gnoll sergeant] (3)]
  4082 | D:5      | Slain by a gnoll

Illustrated notes

Levels and vault maps discovered:
D:1:      amcnicky_arrival_underground_garden, layout_basic
D:2:      layout_basic, hellmonk_ecumenical_altar_pennies_from_heaven,
          kennysheep_another_room, minmay_split_cup_small, uniq_jessica,
          uniq_natasha
D:3:      kennysheep_slugbush, layout_loops_ring,
          nicolae_overflow_two_pavilions, portal_sewer_entry_e,
          grunt_ministairs_8, serial_bayou_crossing
D:4:      layout_cave_pods, cheibrodos_worm_habitat, serial_column_ruins,
          column_ruins_grid_1, column_ruins_open_small_water,
          column_ruins_open_tiny_water, column_ruins_grid_1,
          column_ruins_grid_1, nicolae_shop_overcharged_wands, uniq_grinder,
          uniq_edmund
D:5:      layout_gridville, mainiacjoe_overflow_catwalk,
          nicolae_ossuary_entry_ruins, st_stairs_2, kennysheep_generic_room_8,
          uniq_sigmund

Skill      XL: |  1  2  3  4  5  6  7  8 |
---------------+-------------------------+-----
Axes           | 2 |  2.5
Unarmed Combat | 1 2 3 5 6 7 8 |  8.2
Armour         | 3 |  3.4
Fighting       | |  3.8
Shields        | |  2.6

Action                     |  1- 3 |  4- 6 |  7- 9 || total
---------------------------+-------+-------+-------++-------
  Melee: War axe           |    68 |    10 |       ||    78
         Tailslap          |    10 |    28 |    10 ||    48
         Unarmed           |       |   192 |    57 ||   249
         Kick              |       |    45 |    20 ||    65
  Throw: Throwing net      |       |     1 |       ||     1
    Use: Potion            |       |     1 |     3 ||     4
   Stab: Held in net/web   |       |     1 |       ||     1
 Armour: Scale mail        |    49 |   136 |    38 ||   223
  Dodge: Dodged            |    27 |    87 |    22 ||   136
  Block: Buckler           |    12 |    46 |    12 ||    70

Table legend: (Time is in decaauts)
 A = Elapsed time spent in this place.
 B = Non-inter-level travel time spent in this place.
 C = Inter-level travel time spent in this place.
 D = Time resting spent in this place.
 E = Time spent auto-exploring this place.
 F = Levels seen in this place.
 G = Mean time per level.
                   A        B        C        D        E       F      G
               +--------+--------+--------+--------+--------+-----+--------+
         Total |   4155 |   3999 |    156 |    135 |   3175 |   5 |  831.0 |
       Dungeon |   4155 |   3999 |    156 |    135 |   3175 |   5 |  831.0 |
               +--------+--------+--------+--------+--------+-----+--------+

Top non-repeatable levels by time:
     D:3: 1184 daAuts
     D:2: 1092 daAuts
     D:4: 1039 daAuts
     D:1: 574 daAuts
     D:5: 265 daAuts
